AoeStats
← amicachips

Pilgrims

510135639Analyzed
2v2 RM · 2d ago on Sep 29, 2026· 85m 57s· 4 players
Game mode
Random Map
Map size
Medium (4 player)
Population
200
Speed
Normal
Resources
Standard
Victory
Conquest
Starting age
Dark Age
Ending age
Imperial Age
RankedLock teamsTeams togetherTeam positionsShared explorationLock speedFull tech treeHidden civsTurbo modeCheats
Victory
Defeat
🇦🇲 Danes · Armenia
904
+16
🇷🇺 Armenians · Russia
904
+16
🇮🇹 Persians · Italy
967
-18
🇪🇸 Romans · Spain
861
-14
CUCtus
15:25 Feudal Age
21:24 Castle Age
26:22 Forging
26:13 Scale Mail Armor
25:36 Pikeman
26:18 Squires
26:04 Gambesons
26:10 Double-Bit Axe
26:20 Stone Mining
26:20 Double-Bit Axe
26:53 Medium Warships
31:40 Bow Saw
32:47 Loom
44:08 Imperial Age
48:48 Redemption
52:18 Elite Composite Bowman
56:20 Fletching
57:34 Chemistry
57:41 Bodkin Arrow
57:48 Padded Archer Armor
58:11 Ballistics
58:03 Masonry
57:48 Murder Holes
58:04 Fortified Wall
62:23 Bracer
67:33 Halberdier
69:17 Gold Mining
70:39 Arson
73:51 Iron Casting
73:31 Chain Mail Armor
Simind
11:54 Feudal Age
13:14 Loom
14:09 Wheelbarrow
13:33 Double-Bit Axe
17:02 Castle Age
15:30 Stone Mining
15:24 Horse Collar
15:37 Gold Mining
15:49 Fishing Lines
19:03 Town Watch
20:33 Bow Saw
21:33 Medium Warships
21:27 Scale Mail Armor
24:59 Medium Warships
26:42 Arson
27:14 Chain Mail Armor
27:10 Forging
31:44 Iron Casting
31:06 Fletching
31:32 Heavy Plow
33:25 Bodkin Arrow
39:41 Imperial Age
42:15 Hoardings
46:42 Gold Shaft Mining
45:56 Onager
47:47 Conscription
48:04 Squires
52:54 Hoardings
51:40 Northmen's Fury
52:58 Hoardings
52:28 Siege Onager
56:04 Hamask
59:36 Pikeman
62:48 Halberdier
64:13 Elite Varangian Guard
64:40 Gambesons
67:41 Plate Mail Armor
68:12 Blast Furnace
67:12 Bracer
67:18 Padded Archer Armor
67:49 Hand Cart
75:19 Leather Archer Armor
75:25 Caravan
86:39 Ring Archer Armor
Windrunner90
12:08 Feudal Age
15:07 Double-Bit Axe
15:09 Fishing Lines
19:47 Horse Collar
20:06 Gold Mining
23:06 Castle Age
22:18 Stone Mining
24:19 Bow Saw
25:08 Loom
25:35 Fletching
27:26 Gillnets
30:45 Ballistas
31:01 Fortified Wall
34:22 Imperial Age
33:37 Ballistics
33:56 Gold Shaft Mining
34:03 Heavy Plow
34:40 Heavy Scorpion
36:29 Chemistry
37:10 Man-at-Arms
37:50 Squires
38:10 Siege Engineers
38:42 Long Swordsman
43:14 Crop Rotation
45:12 Legionary
46:16 Comitatenses
46:16 Conscription
46:36 Scale Mail Armor
46:48 Forging
52:35 Chain Mail Armor
52:56 Iron Casting
63:17 Scale Barding Armor
64:13 Blast Furnace
64:16 Wheelbarrow
64:33 Husbandry
63:55 Light Cavalry
64:21 Cavalier
66:40 Hand Cart
67:29 Chain Barding Armor
amicachips
11:02 Feudal Age
9:18 Loom
11:30 Double-Bit Axe
12:25 Gold Mining
13:20 Fishing Lines
18:55 Castle Age
17:12 Bloodlines
17:49 Horse Collar
18:04 Stone Mining
19:40 Medium Warships
19:23 Gillnets
21:42 Forging
21:37 Scale Barding Armor
22:28 Husbandry
23:52 Squires
24:36 Fletching
25:05 Padded Archer Armor
25:24 Bodkin Arrow
25:34 Padded Archer Armor
26:22 Murder Holes
26:20 Guard Tower
27:34 Wheelbarrow
27:24 Leather Archer Armor
28:14 Ballistics
28:30 Masonry
28:50 Clinker Construction
29:45 Gold Shaft Mining
28:42 Crossbowman
29:28 Thumb Ring
35:06 Imperial Age
34:01 Careening
37:49 Bow Saw
37:54 Guilds
38:19 Citadels
40:18 Conscription
41:45 Caravan
43:46 Dry Dock
47:27 Kamandaran
47:51 Fervor
49:03 Hand Cart
49:35 Ring Archer Armor
55:15 Iron Casting
55:01 Chain Barding Armor
55:07 Cavalier
57:21 Heavy Plow
57:15 Town Watch
58:33 Blast Furnace
59:23 Plate Barding Armor
65:25 Crop Rotation
65:58 Two-Man Saw
66:11 Chemistry
67:19 Hoardings
67:40 Siphons
70:08 Savar
71:46 Incendiaries
Connection lost

Rejoining the realm…

Still unreachable

The connection could not be restored.

Session expired

The server has moved on; the page needs a fresh start.